Match 47142811
Unlisted

Match 47142811
End
Construct Barracks
Selects Advanced Infantry Battlegroup
Riflemen Squad
Riflemen Squad
M1 Mortar Team
Grenade Package
Riflemen Squad
Selects Convert to Ranger Squad
Selects Artillery Observers
Infantry Support Center
M1918 Browning Automatic Rifles
Selects Convert to Ranger Squad
Advanced Logistics
Convert to Ranger Squad
Survival Training
Construct Weapon Support Center
Selects Frontline Medical Station
Improved M9 Bazooka Rockets
Convert to Ranger Squad
Frontline Medical Station
Convert to Ranger Squad
Selects Infantry Assault
Infantry Assault
Construct Tank Depot
Frontline Medical Station
Infantry Assault
Selects M2A1 105mm Howitzer Emplacement
Ranger Squad
Infantry Assault
[BIG] SWEEDS
ninja6398
A-Kai
Misumi Uika
Be Frabjous
water
冲锋大哥
It's Takotime
0
0

Comments sign in to comment!

No comments posted yet!